AoeStats
← Herby

Arena

508157550Analyzed
4v4 RM · 11d ago on Sep 21, 2026· 42m 49s· 8 players
Game mode
Random Map
Map size
Large (8 player)
Population
200
Speed
Normal
Resources
Standard
Victory
Conquest
Starting age
Dark Age
Ending age
Imperial Age
RankedLock teamsTeams togetherTeam positionsShared explorationLock speedFull tech treeHidden civsTurbo modeCheats
Victory
Defeat
🇲🇽 Romans · Mexico
1417
+12
🇲🇽 Mapuche · Mexico
1404
+13
1288
+18
🇨🇳 Bohemians · China
1135
+24
🇪🇸 Vikings · Spain
1374
-19
🇯🇵 Teutons · Japan
1332
-17
🇹🇼 Saracens · Taiwan
1307
-16
🇲🇽 Muisca · Mexico
1288
-15
Keishi
6:08 Loom
8:19 Feudal Age
9:27 Double-Bit Axe
15:41 Horse Collar
Ratchet2krox
9:19 Loom
11:07 Feudal Age
14:38 Castle Age
14:04 Scale Mail Armor
13:51 Double-Bit Axe
15:18 Forging
16:08 Loom
17:37 Champi Runner
18:17 Squires
19:02 Champi Warrior
21:11 Iron Casting
lokijasai
10:18 Feudal Age
14:04 Castle Age
12:08 Double-Bit Axe
12:37 Horse Collar
15:01 Bow Saw
18:29 Wheelbarrow
20:38 Hand Cart
22:57 Stone Mining
23:34 Gold Mining
25:00 Gold Shaft Mining
28:21 Imperial Age
25:40 Loom
25:41 Town Watch
26:33 Fletching
27:05 Ballistics
27:09 Bodkin Arrow
27:07 Crossbowman
28:56 Thumb Ring
28:54 Padded Archer Armor
30:10 Chemistry
28:41 Arbalester
29:23 Bracer
30:00 Conscription
29:56 Counterweights
30:17 Heavy Plow
30:14 Onager
Aspirante
10:36 Feudal Age
15:10 Castle Age
13:34 Double-Bit Axe
13:59 Horse Collar
18:58 Bow Saw
21:35 Gold Mining
22:25 Loom
22:46 Stone Mining
22:59 Heavy Plow
29:02 Imperial Age
27:58 Scale Mail Armor
28:08 Forging
28:01 Chieftains
28:09 Chieftains
27:32 Man-at-Arms
27:57 Gambesons
28:13 Squires
27:59 Arson
28:41 Long Swordsman
29:31 Two-Handed Swordsman
30:41 Chain Mail Armor
31:02 Iron Casting
32:33 Plate Mail Armor
31:50 Capped Ram
34:17 Blast Furnace
32:41 Champion
34:02 Siege Ram
34:30 Onager
39:45 Chemistry
[Pb] Komodo 3000
7:24 Loom
9:54 Feudal Age
14:33 Castle Age
26:52 Double-Bit Axe
26:58 Gold Mining
29:06 Forging
31:55 Town Watch
32:06 Horse Collar
32:37 Bow Saw
34:04 Wheelbarrow
37:08 Iron Casting
41:03 Fletching
41:55 Bodkin Arrow
42:01 Padded Archer Armor
45:58 Imperial Age
Herby
7:44 Loom
10:33 Feudal Age
14:06 Castle Age
12:16 Double-Bit Axe
12:59 Gold Mining
15:18 Bow Saw
21:56 Wheelbarrow
24:07 Ballistics
26:53 Hand Cart
31:35 Horse Collar
32:34 Heavy Plow
33:53 Fortified Wall
pabloescobaralfaro.26
10:35 Feudal Age
14:34 Castle Age
13:01 Double-Bit Axe
12:57 Horse Collar
15:44 Bow Saw
16:22 Heavy Plow
19:23 Wheelbarrow
22:46 Gold Mining
24:00 Hand Cart
23:31 Loom
23:32 Town Watch
24:33 Stone Mining
28:00 Imperial Age
26:33 Padded Archer Armor
27:36 Leather Archer Armor
29:00 Masonry
30:32 Chemistry
30:03 Ring Archer Armor
29:24 Fletching
30:16 Shatagni
30:37 Conscription
30:20 Grand Trunk Road
30:48 Conscription
31:31 Siege Engineers
35:01 Gold Shaft Mining
35:09 Stone Shaft Mining
35:37 Two-Man Saw
36:15 Forging
36:06 Scale Mail Armor
36:13 Scale Barding Armor
37:57 Bodkin Arrow
38:14 Fortified Wall
38:02 Murder Holes
38:31 Bloodlines
38:21 Husbandry
40:39 Heavy Camel Rider
41:42 Chain Barding Armor
41:58 Iron Casting
Chongyass
10:20 Feudal Age
14:27 Castle Age
13:49 Double-Bit Axe
14:48 Horse Collar
18:13 Bow Saw
22:40 Wheelbarrow
22:45 Padded Archer Armor
23:40 Heavy Plow
26:48 Imperial Age
24:25 Loom
25:49 Fletching
26:14 Leather Archer Armor
27:02 Chemistry
26:26 Bodkin Arrow
27:08 Wagenburg Tactics
30:08 Conscription
29:51 Bracer
30:24 Ring Archer Armor
33:53 Houfnice
40:01 Two-Man Saw
39:20 Fortified Wall
39:08 Murder Holes
Connection lost

Rejoining the realm…

Still unreachable

The connection could not be restored.

Session expired

The server has moved on; the page needs a fresh start.